 Dungeon Crawl Stone Soup version 0.28-a0-1167-g616b1c6417 (webtiles) character file.

Game seed: 7096157511023144719

1698 BlueGoblin the Nimble (level 8, -24/37 HPs)
             Began as a Spriggan Brigand on Dec 16, 2021.
             Annihilated by a large slime creature (61 damage)
             ... on level 7 of the Dungeon.
             The game lasted 00:17:50 (7345 turns).

BlueGoblin the Nimble (Spriggan Brigand)            Turns: 7345, Time: 00:17:50

Health: -24/37     AC:  4    Str:  7    XL:     8   Next: 72%
Magic:  9/9        EV: 28    Int: 13    God:
Gold:   276        SH:  0    Dex: 18    Spells: 7/7 levels left

rFire   + . .      SeeInvis +   a - +3 dagger (chaos)
rCold   + . .      Faith    .   (shield restricted)
rNeg    . . .      Spirit   .   b - +0 robe
rPois   .          Reflect  .   (helmet restricted)
rElec   .          Harm     .   c - +1 cloak
rCorr   .          Rampage  .   (gloves unavailable)
Will    +....                   (boots unavailable)
Stlth   +++.......              j - amulet of regeneration
HPRegen 0.92/turn               h - ring of protection from fire
MPRegen 0.11/turn               s - ring of protection from cold

@: very quick
A: very small, no large weapons, unfitting armour, see invisible, speed 3,
talons 1, no potion heal 1
a: no special abilities


You were on level 7 of the Dungeon.
You visited 2 branches of the dungeon, and saw 8 of its levels.
You also visited: Sewer.

You collected 276 gold pieces.

Inventory:

Hand Weapons
 a - a +3 dagger of chaos (weapon)
 n - a +0 whip of draining
 t - a +4 whip
Missiles
 d - 26 poisoned darts (quivered)
 e - 2 curare-tipped darts
 m - a throwing net
Armour
 b - a +0 robe (worn)
 c - a +1 cloak (worn)
 q - a scarf of invisibility
Jewellery
 f - an amulet of faith
 h - a ring of protection from fire (left hand)
 j - an amulet of regeneration (around neck)
 l - a ring of protection from fire
 s - a ring of protection from cold (right hand)
 F - a ring of magical power
Wands
 C - a wand of acid (7)
Scrolls
 i - 3 scrolls of vulnerability
 p - a scroll of amnesia
 y - 2 scrolls of fog
 z - a scroll of blinking {unknown}
 A - a scroll of identify {unknown}
 B - a scroll of teleportation
 H - a scroll of enchant weapon
Potions
 g - 3 potions of haste {unknown}
 k - 2 potions of mutation
 o - a potion of brilliance {unknown}
 r - a potion of heal wounds
 u - 2 potions of curing {unknown}
 v - a potion of degeneration {unknown}
 w - 2 potions of might {unknown}
 x - a potion of flight {unknown}
 D - 3 potions of cancellation {unknown}
 E - 2 potions of magic {unknown}
 G - a potion of invisibility {unknown}


   Skills:
 - Level 1.5 Fighting
 - Level 2.1 Short Blades
 - Level 2.0 Throwing
 + Level 14.3 Dodging
 - Level 5.8 Stealth


You had 7 spell levels left.
You didn't know any spells.
Your spell library contained the following spells:

 Spells                   Type           Power      Damage    Failure   Level
 Animate Skeleton         Necr           0%         N/A       30%         1
 Apportation              Tloc           0%         N/A       30%         1
 Summon Small Mammal      Summ           0%         N/A       30%         1
 Call Canine Familiar     Summ           0%         N/A       67%         3
 Ozocubu's Armour         Ice            0%         N/A       67%         3
 Summon Guardian Golem    Hex/Summ       0%         N/A       67%         3
 Ozocubu's Refrigeration  Ice            0%         4d5       100%        7


Dungeon Overview and Level Annotations

Branches:
Dungeon (7/15)             Temple (1/1) D:4           Sewer (visited)

Altars:
Cheibriados
Dithmenos
Elyvilon
Fedhas
Gozag
Kikubaaqudgha
Makhleb
Nemelex Xobeh
Okawaru
Qazlal
Ru
Sif Muna
Trog
Uskayaw
Vehumet
Wu Jian
Xom
Yredelemnul
Zin
The Shining One


Innate Abilities, Weirdness & Mutations

You are very small and have problems with some larger weapons.
You are too small for most types of armour.
You have supernaturally acute eyesight. (SInv)
You cover ground extremely quickly. (Speed+++)
You have sharp toenails.
Potions are less effective at restoring your health.


Message History

The slime creature misses you.
You hit the slime creature.
The slime creature seems to grow stronger.
The slime creature is lightly wounded.
Two slime creatures merge to form a large slime creature.
Hit: a) +3 dagger (chaos)
Press: ? - help, Dir - move target, f - large slime creature
Aim: a large slime creature (lightly wounded, strong, about 14% to evade your +3 dagger of chaos)
Okay, then.
Throw: 2 throwing nets
Press: ? - help, Shift-Dir - straight line, f - large slime creature
Aim: a large slime creature (lightly wounded, strong, 83% to hit)
You throw a throwing net.
The throwing net hits the large slime creature.
The large slime creature is caught in the net!
The large slime creature is lightly wounded.
The large slime creature struggles against the net.
The large slime creature struggles against the net.
The large slime creature struggles against the net.
You hit the large slime creature.
Nothing appears to happen.
The large slime creature is lightly wounded.
The large slime creature struggles against the net.
You hit the large slime creature.
Nothing appears to happen.
You claw the large slime creature.
The large slime creature is lightly wounded.
You hit the large slime creature.
The large slime creature appears confused.
You claw the large slime creature, but do no damage.
The large slime creature is lightly wounded.
The large slime creature struggles against the net.
You hit the large slime creature.
The large slime creature is poisoned.
You claw the large slime creature.
The large slime creature is lightly wounded.
The large slime creature struggles against the net.
The net rips apart, and the large slime creature comes free!
You completely miss the large slime creature.
The large slime creature is lightly wounded.
The large slime creature hits you!!!
Ouch! That really hurt!
You die...

..# ###.#
..#.# #.#.#
#.####.#.#
......#.#
###....#####
#.?....@J..#
#.#.######.#
#.#......#
#......#.#
#########.#
#.<....##.#
#.####.##.#
#.# #.##.#
#.# #....#


You could see a large slime creature (strong, confused, very poisoned).

Vanquished Creatures
  2 water moccasins
  An orc warrior (D:6)
  A sky beast (D:6)
  A black bear (D:6)
  A phantom (D:6)
  3 bullfrogs
  A howler monkey (D:6)
  3 wights (D:6)
  A bullfrog zombie (D:6)
  A hound (D:5)
  3 jellies
  A gnoll shaman (D:6)
  An orc priest (D:6)
  3 iguanas
  2 orc wizards (D:6)
  8 adders
  14 gnolls
  5 river rats (Sewer)
  2 white imps (D:5)
  3 ufetubi
  A dart slug (D:5)
  7 orcs
  6 endoplasms
  3 giant cockroaches
  9 goblins
  8 hobgoblins
  7 jackals
  A quokka (D:1)
  20 ball pythons
  5 bats
  3 frilled lizards
  6 kobolds
  30 rats
163 creatures vanquished.

Notes
Turn   | Place    | Note
-------+----------+-------------------------------------------
     0 | D:1      | BlueGoblin the Spriggan Brigand began the quest for the
                  | Orb.
     0 | D:1      | Reached XP level 1. HP: 10/10 MP: 2/2
    27 | D:1      | Reached skill level 2 in Dodging
   318 | D:1      | Reached XP level 2. HP: 14/14 MP: 3/3
   341 | D:1      | Reached skill level 3 in Dodging
  1631 | D:1      | Reached skill level 4 in Dodging
  1671 | D:1      | Reached XP level 3. HP: 12/18 MP: 4/4
  2193 | D:1      | Found a faded altar of an unknown god.
  2715 | D:2      | Reached skill level 5 in Dodging
  2824 | D:2      | Reached XP level 4. HP: 22/22 MP: 5/5
  3221 | D:3      | Reached skill level 6 in Dodging
  3712 | D:4      | Reached XP level 5. HP: 25/25 MP: 6/6
  3929 | D:4      | Reached skill level 7 in Dodging
  4191 | D:4      | Noticed a water moccasin
  4227 | D:4      | Killed a water moccasin
  4228 | D:4      | Reached skill level 8 in Dodging
  4228 | D:4      | Reached XP level 6. HP: 29/30 MP: 7/7
  4316 | D:4      | Found a staircase to the Ecumenical Temple.
  4356 | Temple   | Entered the Ecumenical Temple
  4709 | D:4      | Identified the +0 leather armour of Words of Power {Contam
                  | rElec rN+ Slay+5}
  4838 | D:5      | Entered Level 5 of the Dungeon
  5078 | D:5      | Reached skill level 9 in Dodging
  5192 | D:5      | Noticed a water moccasin
  5274 | D:5      | Killed a water moccasin
  5275 | D:5      | Reached XP level 7. HP: 33/33 MP: 8/8
  5346 | D:5      | Reached skill level 10 in Dodging
  5432 | D:5      | Found a glowing drain.
  5599 | Sewer    | Entered a sewer
  5997 | Sewer    | Gained mutation: Potions are less effective at restoring
                  | your health. [potion of mutation]
  5997 | Sewer    | Gained mutation: You have sharp toenails. [potion of
                  | mutation]
  6022 | Sewer    | Reached skill level 11 in Dodging
  6324 | D:6      | Reached skill level 12 in Dodging
  6365 | D:6      | Reached XP level 8. HP: 37/37 MP: 9/9
  6497 | D:6      | Found a white marble altar of Elyvilon.
  6820 | D:6      | Reached skill level 13 in Dodging
  7015 | D:6      | Identified a scroll of acquirement
  7015 | D:6      | Acquired a scarf of invisibility
  7251 | D:6      | Reached skill level 14 in Dodging
  7327 | D:7      | Noticed a slime creature
  7327 | D:7      | Noticed a slime creature
  7345 | D:7      | Annihilated by a large slime creature

Illustrated notes

Levels and vault maps discovered:
D:1:      dpeg_arrival_simpleton_a, layout_rooms,
          hellmonk_ecumenical_altar_leap_of_faith
D:2:      minmay_skewed_foursquare, layout_basic,
          hangedman_decor_diamond_cutter, nrook_mini_vaults
D:3:      layout_rooms
D:4:      layout_loops_corners, minmay_temple_entry_overgrown
D:5:      layout_basic, gup_sewer_entry_glass, minmay_misc_feat_square
D:6:      layout_basic, mainiacjoe_overflow_boulevard
D:7:      lemuel_insect_pit, layout_basic
Temple:   mainiacjoe_temple_bowtie_tessellation

Skill      XL: |  1  2  3  4  5  6  7  8 |
---------------+-------------------------+-----
Dodging        | 2 4 5 6 8 9 12 14 | 14.3
Fighting       | |  1.5
Short Blades   | |  2.1
Throwing       | |  2.0
Stealth        | |  5.8

Action                   |  1- 3 |  4- 6 |  7- 9 || total
-------------------------+-------+-------+-------++-------
Melee: Dagger            |   196 |    39 |   174 ||   409
       Whip              |       |   139 |   307 ||   446
       Kick              |       |       |    59 ||    59
Throw: Dart              |     4 |     3 |       ||     7
       Throwing net      |       |       |     1 ||     1
  Use: Scroll            |       |     4 |    11 ||    15
       Potion            |       |       |     5 ||     5
 Stab: Sleeping          |     8 |    11 |     7 ||    26
       Distracted        |     1 |       |       ||     1
Armor: Robe              |    22 |    13 |    80 ||   115
Dodge: Dodged            |   152 |   185 |   965 ||  1302

Table legend: (Time is in decaauts)
 A = Elapsed time spent in this place.
 B = Non-inter-level travel time spent in this place.
 C = Inter-level travel time spent in this place.
 D = Time resting spent in this place.
 E = Time spent auto-exploring this place.
 F = Levels seen in this place.
 G = Mean time per level.
                   A        B        C        D        E       F      G
               +--------+--------+--------+--------+--------+-----+--------+
         Total |   5580 |   5382 |    198 |   1230 |   2283 |   9 |  620.0 |
       Dungeon |   4882 |   4726 |    156 |   1230 |   2031 |   7 |  697.4 |
        Temple |    180 |    138 |     42 |      0 |    121 |   1 |  180.0 |
         Sewer |    517 |    517 |      0 |      0 |    131 |   1 |  517.0 |
               +--------+--------+--------+--------+--------+-----+--------+

Top non-repeatable levels by time:
     D:2: 1433 daAuts
     D:1: 1184 daAuts
     D:6: 765 daAuts
     D:4: 583 daAuts
     D:5: 555 daAuts
   Sewer: 517 daAuts
     D:3: 296 daAuts
  Temple: 180 daAuts
     D:7: 63 daAuts
